Mecha, lawful female human Valkyrie ----.-#--- .........| |(.......| .........- -. |%I......| | |%@....... ...........| |...#....| | ---------- Mecha the Fighter Experience level: 7 Strength: 18/01 Dexterity: 10 Constitution: 18 Intelligence: 10 Wisdom: 11 Charisma: 12 Health: 0(74) Energy: 17(17) AC: 2 Gold: 226 Moves: 2776 Your Inventory: Coins $ - 226 gold pieces Weapons a - an uncursed +1 long sword (weapon in hand) b - 8 uncursed +0 daggers (in quiver) Armor c - an uncursed +3 small shield (being worn) w - an [uncursed] +0 dwarvish iron helm (being worn) x - an [uncursed] +0 pair of iron shoes (being worn) D - an [uncursed] greased +0 dwarvish cloak (being worn) M - a [cursed -3] scale mail Comestibles K - an [uncursed] banana Scrolls e - an [uncursed] scroll labeled KO BATE [of remove curse] r - an [uncursed] scroll labeled FNORD [of confuse monster] F - an [uncursed] scroll labeled THARR [of identify] H - 4 [uncursed] unlabeled scrolls [of blank paper] Potions g - an [uncursed] potion called restore ability [of restore ability] G - an [uncursed] white potion [of gain energy] Wands u - an [uncursed] wand of magic missile [0:6] J - an [uncursed] wand of fire [0:4] Tools i - an [uncursed] bag of tricks [0:20] j - an [uncursed] bag called not holding [sack] B - an [uncursed] can of grease [0:16] C - an [uncursed +0] pick-axe E - an [uncursed] key [skeleton key] L - an [uncursed] bag of tricks [0:16] Contents of the sack: 271 gold pieces an [uncursed +0] elven dagger 2 uncursed food rations 2 [uncursed] unlabeled scrolls [of blank paper] 2 [cursed] unlabeled scrolls [of blank paper] an [uncursed] wand of create monster [0:14] an [uncursed wax] candle 2 [uncursed tallow] candles 3 [uncursed] red gems [worthless glass] an [uncursed] yellowish brown gem [worthless glass] Spells known in the end: Name Level Category Fail Memory Your skills at the end: Fighting Skills Weapon Skills dagger [Basic / Expert] long sword [Basic / Expert] Spellcasting Skills Final Attributes: You were piously aligned. Hunger level was 1069. Your alignment was 23 / 23. Monster difficulty range was 1 - 6. Level difficulty was 6. You were immune to cold. You were confused. You were stealthy. You were fast. Your luck was zero. You are dead. Vanquished creatures: 2 Woodland-elves 2 fog clouds 2 gnome lords 2 paper golems a giant ant a little dog a floating eye a kitten 5 dwarves a kobold lord 2 rabid rats a monkey 2 orc zombies a wererat an iguana a coyote 2 hobbits 2 manes a hobgoblin a giant rat a yellow mold 2 red molds 13 gnomes 2 garter snakes 2 geckos a jackal a fox a kobold 2 goblins a sewer rat a bat 5 lichens a kobold zombie 6 newts 71 creatures vanquished. Voluntary challenges: You used a wielded weapon 83 times. You read items or engraved 3 times. You put on armor 5 times. You never genocided any monsters. You never polymorphed an object. You never changed form. You used no wishes. You wrote Elbereth's name 1 time. You encountered 1 bones level. You never used any Sokoban shortcuts. Dungeon overview: The Dungeons of Doom: levels 1 to 6 Level 1 a long staircase Level 2 a fountain stairs to The Gnomish Mines Level 3 a potion shop Level 5 a sink Level 6 <- You were here a sink The Gnomish Mines: levels 3 to 4 Level 3 stairs to The Dungeons of Doom History has recorded: On T:1 you entered the Dungeons of Doom to retrieve the Amulet of Yendor! On T:132 you advanced to experience level 2. On T:668 you advanced to experience level 3. On T:709 you reached level 2 of The Dungeons of Doom. On T:881 you reached level 1 of The Gnomish Mines. On T:912 you advanced to experience level 4. On T:984 you advanced to experience level 5. On T:1143 you advanced to experience level 6. On T:1408 you reached level 2 of The Gnomish Mines. On T:2141 you reached level 3 of The Dungeons of Doom. On T:2214 you advanced to experience level 7. On T:2512 you reached level 4 of The Dungeons of Doom. On T:2724 you reached level 5 of The Dungeons of Doom. On T:2760 you reached level 6 of The Dungeons of Doom. Latest messages: It hits! [HP-5=23] You miss it. It hits! [HP-8=15] You miss it. You begin praying to Tyr. You are surrounded by a shimmering light. You feel something move nearby. (3x) You finish your prayer. You feel that Tyr is well-pleased. [3 turns] Wow! This makes you feel good! It hits! [HP-10=5] Ooph! This tastes like liquid fire! It hits! You die... Final status: Farvel Mecha the Valkyrie... You died in The Dungeons of Doom on dungeon level 6 with 3164 points, and 497 pieces of gold, after 2776 moves. You were level 7 with a maximum of 74 hit points when you died.